AoeStats
← AOELG_bravedave92

Arabia

510489583Analyzed
1v1 RM · 2d ago on Oct 1, 2026· 29m 16s· 2 players
Game mode
Random Map
Map size
Tiny (2 player)
Population
200
Speed
Normal
Resources
Standard
Victory
Conquest
Starting age
Dark Age
Ending age
Imperial Age
RankedLock teamsTeams togetherTeam positionsShared explorationLock speedFull tech treeHidden civsTurbo modeCheats
Victory
Defeat
🇩🇪 Persians · Germany
884
+15
🇵🇪 Khmer · Peru
856
-15
AOELG_bravedave92
5:20 Loom
8:54 Feudal Age
9:35 Double-Bit Axe
21:31 Castle Age
20:05 Forging
21:27 Bloodlines
23:13 Wheelbarrow
22:05 Light Cavalry
22:45 Husbandry
22:39 Fletching
23:55 Bow Saw
24:11 Horse Collar
27:27 Heavy Plow
29:10 Husbandry
NAUTILUS
2:56 Loom
11:30 Feudal Age
16:39 Castle Age
14:32 Double-Bit Axe
18:04 Bow Saw
Connection lost

Rejoining the realm…

Still unreachable

The connection could not be restored.

Session expired

The server has moved on; the page needs a fresh start.